 Dungeon Crawl Stone Soup version 0.30.1-3-gfc49f6343a (webtiles) character file.

Game seed: 6191015755467620903

1017 cheesebisquit the Ruffian (level 8, 0/79 HPs)
             Began as a Troll Fighter on July 18, 2023.
             Was a Follower of Wu Jian.
             Slain by a hornet (7 damage)
             ... on level 6 of the Dungeon.
             The game lasted 00:14:14 (4964 turns).

cheesebisquit the Ruffian (Troll Fighter)           Turns: 4964, Time: 00:14:15

Health: 0/79       AC:  5    Str: 25    XL:     8   Next: 1%
Magic:  7/7        EV:  9    Int: 12    God:    Wu Jian [*.....]
Gold:   205        SH:  8    Dex:  9    Spells: 7/7 levels left

rFire   . .          .
                       - Unarmed
rCold   . . .        b - +0 kite shield
rNeg    . . .        s - +0 animal skin
rPois   .            (helmet restricted)
rElec   .            t - +0 cloak
rCorr   +            (gloves unavailable)
SInv    .            (boots unavailable)
Will    .....        (no amulet)
Stlth   +            f - ring of resist corrosion
HPRegen 1.13/turn    u - +6 ring of intelligence
MPRegen 0.10/turn

%: no passive effects
@: slowed, very slow
A: large, unfitting armour, claws 3, regeneration 1, shaggy fur 1, tough skin 1
a: Renounce Religion


You were on level 6 of the Dungeon.
You worshipped Wu Jian.
Wu Jian was aware of your devotion.
You visited 2 branches of the dungeon, and saw 7 of its levels.

You collected 217 gold pieces.
You spent 12 gold pieces at shops.

Inventory:

Hand Weapons
 k - a +2 sling of draining
Missiles
 c - 4 boomerangs (quivered)
 x - 5 poisoned darts
Armour
 b - a +0 kite shield (worn)
 s - a +0 animal skin (worn)
 t - a +0 cloak (worn)
 C - a scarf of resistance
Jewellery
 f - a ring of resist corrosion (left claw)
 u - a +6 ring of intelligence (right claw)
Scrolls
 d - 3 scrolls of teleportation
 e - a scroll of amnesia {unknown}
 h - a scroll of fear {unknown}
 m - a scroll of blinking {unknown}
 n - 3 scrolls of magic mapping
 o - a scroll of fog {unknown}
 r - a scroll of poison {unknown}
 w - a scroll of enchant armour {unknown}
 B - a scroll of immolation {unknown}
Potions
 a - a potion of lignification {unknown}
 g - 5 potions of curing
 i - a potion of heal wounds
 j - a potion of berserk rage {unknown}
 l - 2 potions of mutation
 p - a potion of ambrosia {unknown}
 z - 2 potions of brilliance
 A - a potion of attraction {unknown}


   Skills:
 + Level 4.5 Fighting
 - Level 2.4 Dodging
 + Level 5.0 Shields
 * Level 6.8 Unarmed Combat


You had 7 spell levels left.
You didn't know any spells.
Your spell library contained the following spells:

 Spells                   Type           Power      Damage    Failure   Level
 Sublimation of Blood     Necr           0%         N/A       69%         2
 Wereblood                Tmut           0%         N/A       69%         2
 Summon Hydra             Summ           0%         N/A       100%        7


Dungeon Overview and Level Annotations

Branches:
Dungeon (6/15)             Temple (1/1) D:5

Altars:
Cheibriados
Dithmenos
Elyvilon
Fedhas
Kikubaaqudgha
Nemelex Xobeh
Qazlal
Ru
Sif Muna
Trog
Uskayaw
Vehumet
Wu Jian
The Shining One

Shops:
D:2 [   D:3 [   D:4 *

Annotations:
D:3 exclusion: downstairs


Innate Abilities, Weirdness & Mutations

You are too large for most types of armour.
You have claws for hands.
Your natural rate of healing is unusually fast.
You are covered in fur. (AC +1)
You have tough skin. (AC +1)


Message History

You scratch the hornet but do no damage.
The hornet is severely wounded.
The hornet stings you!
You feel as though you will be slow longer.
The hornet barely misses you. The hornet stings you!
You feel as though you will be slow longer.
You feel much better. The hornet stings you.
You feel as though you will be slow longer.
The hornet stings you!
You feel as though you will be slow longer.
You completely miss the hornet.
The hornet is heavily wounded.
You block the hornet's attack. x2
You miss the hornet.
The hornet is heavily wounded.
The hornet stings you but does no damage.
The hornet stings you!
You feel as though you will be slow longer.
You closely miss the hornet.
The hornet is heavily wounded.
The hornet stings you!
You are poisoned.
You feel as though you will be slow longer.
The hornet stings you!
You suddenly lose the ability to move!
You feel very sick. The hornet stings you.
* * * LOW HITPOINT WARNING * * *
You feel as though you will be slow longer.
You feel sick. The hornet stings you!
* * * LOW HITPOINT WARNING * * *
You feel as though you will be slow longer.
The hornet stings you!
* * * LOW HITPOINT WARNING * * *
You feel as though you will be slow longer.
You can move again.
You feel better. The hornet stings you.
* * * LOW HITPOINT WARNING * * *
You feel as though you will be slow longer.
The hornet stings you!
You die...

.# .# ..#######
.### .........#
...#
#.........###
##.#
#.........#..
##.#
#......[.#.#
#.#
#........#.#
##.#
#........#.##
...#
#........@y.+
.###
#........##.#
.# #........# #
.# ######'###
.# #######.# .#
#.....#.######
.#
#.###.#......#
.#
#.#............
.#
#.##########[#.


You could see a hornet.

Vanquished Creatures
  Edmund (D:4)
  A phantom (D:5)
  2 scorpions
  2 jellies (D:5)
  A hound (D:5)
  A gnoll bouda (D:5)
  An orc priest (D:6)
  2 sleepcaps
  3 iguanas
  Terence (D:3)
  Natasha (thrice) (D:3)
  2 orc wizards (D:6)
  Robin (D:3)
  4 gnolls (D:5)
  10 adders
  A white imp (D:5)
  An ufetubus (D:5)
  3 worms (D:2)
  3 dart slugs
  13 orcs
  9 bats
  3 endoplasms
  4 giant cockroaches
  18 goblins
  5 hobgoblins
  6 jackals
  6 kobolds
  3 quokkas
  8 ball pythons
  3 frilled lizards
  3 rats
124 creatures vanquished.

Notes
Turn   | Place    | Note
-------+----------+-------------------------------------------
     0 | D:1      | cheesebisquit the Troll Fighter began the quest for the
                  | Orb.
     0 | D:1      | Reached XP level 1. HP: 22/22 MP: 0/0
   172 | D:1      | Reached XP level 2. HP: 29/29 MP: 1/1
   439 | D:1      | Found a faded altar of an unknown god.
   849 | D:2      | Reached XP level 3. HP: 36/36 MP: 2/2
   947 | D:2      | Reached skill level 3 in Unarmed Combat
  1139 | D:2      | Found Ywemuv's Armour Boutique.
  2092 | D:3      | Reached XP level 4. HP: 44/44 MP: 3/3
  2103 | D:3      | Found Riogeaxoingi's Antique Armour Boutique.
  2119 | D:3      | Noticed Natasha
  2135 | D:3      | Noticed Terence
  2144 | D:3      | Killed Terence
  2171 | D:3      | Killed Natasha
  2193 | D:3      | Found an ornate altar of the Wu Jian Council.
  2201 | D:3      | Became a worshipper of the Wu Jian Council
  2252 | D:3      | Found a stormy altar of Qazlal.
  2302 | D:3      | Noticed Natasha
  2310 | D:3      | Killed Natasha
  2311 | D:3      | Reached skill level 4 in Unarmed Combat
  2311 | D:3      | Reached XP level 5. HP: 24/53 MP: 4/4
  2444 | D:3      | Found a blossoming altar of Fedhas.
  2463 | D:3      | Noticed Robin
  2481 | D:3      | Killed Robin
  2863 | D:3      | Found a faded altar of an unknown god.
  2896 | D:3      | Noticed Natasha
  2902 | D:3      | Killed Natasha
  3097 | D:4      | Noticed Edmund
  3181 | D:4      | Reached XP level 6. HP: 61/61 MP: 5/5
  3187 | D:4      | Found Vulunya's CLEARANCE SALE!.
  3195 | D:4      | Bought 5 poisoned darts for 12 gold pieces
  3221 | D:3      | Found a shimmering blue altar of Sif Muna.
  3583 | D:4      | Found a shadowy altar of Dithmenos.
  3659 | D:4      | Found a sacrificial altar of Ru.
  3670 | D:4      | Reached * piety under Wu Jian
  3959 | D:4      | Killed Edmund
  3960 | D:4      | Reached skill level 5 in Unarmed Combat
  3979 | D:5      | Entered Level 5 of the Dungeon
  4036 | D:5      | Found a staircase to the Ecumenical Temple.
  4074 | D:5      | Reached XP level 7. HP: 58/68 MP: 6/6
  4100 | D:5      | Identified the +8 quarterstaff "Ateoqyss" {heavy, rF+ rC+}
  4109 | Temple   | Entered the Ecumenical Temple
  4337 | D:5      | Found a sparkling altar of Nemelex Xobeh.
  4477 | D:5      | Found a white marble altar of Elyvilon.
  4493 | D:5      | Reached skill level 6 in Unarmed Combat
  4811 | D:6      | Reached skill level 5 in Shields
  4811 | D:6      | Reached XP level 8. HP: 70/79 MP: 7/7
  4952 | D:6      | Noticed a hornet
  4961 | D:6      | Paralysed by a hornet for 3 turns
  4964 | D:6      | Slain by a hornet

Illustrated notes

Levels and vault maps discovered:
D:1:      lemuel_arrival_river_bridge, layout_loops_corners,
          shapermc_ecumenical_altar_mp_urbaneastern
D:2:      layout_loops_ring, serial_shops, nicolae_shop_waterfront,
          serial_rivers, chequers_serial_rivers_small_3,
          chequers_serial_rivers_micro_b, chequers_serial_rivers_large_b,
          chequers_serial_rivers_micro_b, chequers_serial_rivers_marsh
D:3:      layout_basic, grunt_qazlal_sundering, fedhas_altar_3,
          overflow_temple_1_default, nicolae_overflow_ecumenical_swirl,
          serial_shops, nicolae_shop_advertising_works
          [nicolae_subvault_shop_adworks], minmay_goblin_outpost, uniq_terence,
          uniq_robin, uniq_natasha
D:4:      layout_gridville, nicolae_dithmenos_shadow_blocks,
          nicolae_ru_great_annihilating_truth, serial_bayou_lagoon_a,
          nicolae_shop_clearance, uniq_edmund
D:5:      layout_rooms, kennysheep_mini_moat, nemelex_spade_bored_becter,
          minmay_temple_entry_glass
D:6:      layout_basic, serial_shops, nicolae_lakefront_shop
Temple:   hellmonk_temple_beads

Skill      XL: |  1  2  3  4  5  6  7 |
---------------+----------------------+-----
Shields        | 3 4 5 |  5.0
Unarmed Combat | 3 4 5 6 |  6.8
Fighting       | 3 4 |  4.5
Dodging        | |  2.4

Action                     |  1- 3 |  4- 6 |  7- 9 || total
---------------------------+-------+-------+-------++-------
  Melee: Unarmed           |   128 |   138 |    66 ||   332
  Throw: Boomerang         |       |    33 |    35 ||    68
         Throwing net      |       |       |     1 ||     1
Ability: Lunge             |       |     4 |     2 ||     6
         Whirlwind         |       |     1 |       ||     1
  Evoke: Wand              |       |     2 |     2 ||     4
    Use: Potion            |       |     1 |     2 ||     3
         Scroll            |       |     2 |     4 ||     6
   Stab: Sleeping          |     1 |       |       ||     1
         Paralysed         |       |     1 |       ||     1
 Armour: Robe              |    44 |    30 |       ||    74
         Animal skin       |       |    22 |    17 ||    39
  Dodge: Dodged            |    49 |    46 |    18 ||   113
  Block: Kite shield       |    52 |    62 |    16 ||   130
